 Dungeon Crawl Stone Soup version 0.27.1-34-g3ba077fa99 (webtiles) character file.

Game seed: 23539576247894059

140 squill the Conjurer (level 5, -10/41 HPs)
             Began as a Hill Orc Conjurer on Jan 11, 2022.
             Mangled by Crazy Yiuf (14 damage)
             ... on level 2 of the Dungeon.
             The game lasted 00:05:29 (2546 turns).

squill the Conjurer (Hill Orc Conjurer)             Turns: 2546, Time: 00:05:30

Health: -10/41     AC:  3    Str: 10    XL:     5   Next: 23%
Magic:  8/8        EV: 11    Int: 19    God:
Gold:   81         SH:  0    Dex:  9    Spells: 5/8 levels left

rFire    . . .     SeeInvis +   c - +0 hand axe
rCold    . . .     Faith    .   (no shield)
rNeg     . . .     Spirit   .   g - +0 leather armour
rPois    .         Reflect  .   (no helmet)
rElec    .         Harm     .   (no cloak)
rCorr    .         Rampage  .   (no gloves)
Will     .....                  (no boots)
Stlth    +.........             (no amulet)
HPRegen  0.13/turn              k - ring of see invisible
MPRegen  0.11/turn              (no ring)

@: no status effects
A: no striking features
a: no special abilities


You were on level 2 of the Dungeon.
You visited 1 branch of the dungeon, and saw 2 of its levels.

You collected 81 gold pieces.

Inventory:

Hand Weapons
 c - a +0 hand axe (weapon)
Armour
 g - a +0 leather armour (worn)
Jewellery
 k - a ring of see invisible (left hand)
Scrolls
 a - a scroll of vulnerability {unknown}
 b - a scroll of teleportation {unknown}
 e - a scroll of immolation {unknown}
 f - a scroll of noise {unknown}
 i - a scroll of acquirement {unknown}
 l - a scroll of identify {unknown}
Potions
 d - a potion of magic
 h - a potion of degeneration {unknown}
 j - a potion of flight {unknown}


   Skills:
 + Level 2.2 Fighting
 + Level 2.2 Axes
 + Level 2.2 Armour
 - Level 1.5 Dodging
 - Level 1.5 Stealth
 + Level 2.2 Spellcasting
 + Level 4.5 Conjurations


You had 5 spell levels left.
You knew the following spells:

 Your Spells              Type           Power      Damage    Failure   Level
a - Magic Dart            Conj           76%        1d6       3%          1
b - Searing Ray           Conj           38%        3d4       4%          2

Your spell library contained the following spells:

 Spells                   Type           Power      Damage    Failure   Level
 Dazzling Flash           Conj/Hex       20%        N/A       26%         3
 Mephitic Cloud           Conj/Pois/Air  7%         N/A       34%         3
 Ignite Poison            Fire/Tmut/Pois 2%         N/A       54%         3
 Fulminant Prism          Conj/Hex       5%         3d7       63%         4
 Iskenderun's Mystic Bla  Conj/Tloc      10%        2d4       63%         4
 Bolt of Magma            Conj/Fire/Erth 3%         4d5       97%         5


Dungeon Overview and Level Annotations

Branches:
Dungeon (2/15)

Altars:

Annotations:
D:2 Crazy Yiuf


Message History

There is a stone staircase leading down here.
Found a mace.
Found a runed translucent door.
You open the door.
Casting: Magic Dart (safe; 3% risk of failure)
Confirm with . or Enter, or press ? or * to list all spells.
Aiming: Searing Ray (safe; 4% risk of failure)
Press: ? - help, Shift-Dir - straight line, f - Crazy Yiuf
Aim: Crazy Yiuf, wielding a +4 quarterstaff of chaos and wearing a +0 cloak (81% to hit)
The searing ray hits Crazy Yiuf!
Crazy Yiuf is moderately wounded. (Press . to maintain the ray.) Crazy Yiuf cries, "Race high Xom!"
Crazy Yiuf hits you with a +4 quarterstaff of chaos!
Crazy Yiuf burns you.
The searing ray hits Crazy Yiuf!
Crazy Yiuf is severely wounded.
Crazy Yiuf hits you with a +4 quarterstaff of chaos!
Crazy Yiuf burns you.
The searing ray hits Crazy Yiuf.
Crazy Yiuf is almost dead.
Crazy Yiuf drinks a potion.
Crazy Yiuf is healed!
The searing ray hits Crazy Yiuf!
Crazy Yiuf is moderately wounded.
You finish channeling your searing ray.
Crazy Yiuf hits you with a +4 quarterstaff of chaos.
Casting: Searing Ray (safe; 4% risk of failure)
Confirm with . or Enter, or press ? or * to list all spells.
Aiming: Searing Ray (safe; 4% risk of failure)
Press: ? - help, Shift-Dir - straight line, f/p - Crazy Yiuf
Aim: Crazy Yiuf, wielding a +4 quarterstaff of chaos and wearing a +0 cloak (moderately wounded, 81% to hit)
The searing ray hits Crazy Yiuf.
Crazy Yiuf is severely wounded. (Press . to maintain the ray.) Crazy Yiuf says, "Crazy?
Crazy!?
PORCUPINE!"
Crazy Yiuf hits you with a +4 quarterstaff of chaos!
* * * LOW HITPOINT WARNING * * *
The searing ray misses Crazy Yiuf.
Crazy Yiuf barely misses you.
It was a potion of magic.
Magic courses through your body.
Crazy Yiuf hits you with a +4 quarterstaff of chaos!
You die...

######## #.......
#.###### ###♣♣♣♣♣
#.# ##....♣.♣♣♣
### ###.# ####
##......♣..♣#...#
#...# #...
#......♣♣♣♣@g...#
##### #.##
#.....♣♣ ♣♣#..)#
#... #.###♣♣ ###
#########. #.#
#...^..... #.#
#.......#. #.#
###
######.#####.#.
#.#####.#
#.#..#.....#.##
#.......#
#.#..#####.#.##
#######.#
#.#..<)..#.#..+


You could see Crazy Yiuf.

Vanquished Creatures
  Terence (D:2)
  An orc wizard (D:1)
  3 gnolls (D:2)
  2 adders (D:2)
  2 dart slugs
  3 orcs (D:2)
  4 bats
  5 endoplasms
  5 giant cockroaches
  2 goblins
  A hobgoblin (D:1)
  5 ball pythons
  A frilled lizard (D:1)
  4 kobolds
  3 rats
42 creatures vanquished.

Notes
Turn   | Place    | Note
-------+----------+-------------------------------------------
     0 | D:1      | squill the Hill Orc Conjurer began the quest for the Orb.
     0 | D:1      | Reached XP level 1. HP: 14/14 MP: 3/3
   218 | D:1      | Reached XP level 2. HP: 22/22 MP: 1/4
   275 | D:1      | Learned a level 2 spell: Searing Ray
   382 | D:1      | Reached skill level 1 in Fighting
   513 | D:1      | Reached skill level 1 in Armour
  1045 | D:2      | Reached skill level 1 in Axes
  1045 | D:2      | Reached XP level 3. HP: 28/28 MP: 0/5
  1556 | D:1      | Reached XP level 4. HP: 36/36 MP: 1/7
  2249 | D:2      | Noticed Terence
  2257 | D:2      | Killed Terence
  2258 | D:2      | Reached XP level 5. HP: 41/41 MP: 1/8
  2386 | D:2      | Found a faded altar of an unknown god.
  2535 | D:2      | Found a runed translucent door.
  2536 | D:2      | Noticed Crazy Yiuf
  2546 | D:2      | Mangled by Crazy Yiuf

Illustrated notes

Levels and vault maps discovered:
D:1:      zelgadis_glass_arrival_large, layout_basic, st_stairs_5
D:2:      layout_basic, basic_ecumenical_altar, uniq_terence,
          uniq_crazy_yiuf_cottage

Skill      XL: |  1  2  3  4 |
---------------+-------------+-----
Fighting       | 1 2 |  2.2
Armour         | 1 2 |  2.2
Axes           | 1 2 |  2.2
Spellcasting   | 2 |  2.2
Dodging        | |  1.5
Stealth        | |  1.5
Conjurations   | |  4.5

Action                   |  1- 3 |  4- 6 || total
-------------------------+-------+-------++-------
Melee: Unarmed           |     1 |       ||     1
       Hand axe          |    13 |     2 ||    15
 Cast: Magic Dart        |    52 |    20 ||    72
       Searing Ray       |     2 |     8 ||    10
  Use: Potion            |       |     1 ||     1
 Stab: Sleeping          |       |     1 ||     1
Armor: Leather armour    |     3 |     4 ||     7
       Robe              |     1 |       ||     1
Dodge: Dodged            |    10 |     2 ||    12
